 Dungeon Crawl Stone Soup version 0.21.1-1-g345015f (webtiles) character file.

33 Supreme the Digger (level 3, -1/19 HPs)
             Began as a Gargoyle Earth Elementalist on Mar 31, 2018.
             Slain by an orc priest
             ... wielding a +0 war axe
              (2 damage)
             ... on level 2 of the Dungeon on Apr 1, 2018.
             The game lasted 00:13:53 (835 turns).

Supreme the Digger (Gargoyle Earth Elementalist)     Turns: 835, Time: 00:13:56

Health: -1/19      AC:  6    Str: 11    XL:     3   Next: 29%
Magic:  4/6        EV: 12    Int: 16    God:
Gold:   52         SH:  0    Dex: 10    Spells: 3/7 levels left

rFire    x . .     SeeInvis .   m - +0 flail
rCold    + . .     Gourm    .   (no shield)
rNeg     + . .     Faith    .   c - +0 robe
rPois    ∞         Spirit   .   r - +0 helmet
rElec    +         Reflect  .   (no cloak)
rCorr    +         Harm     .   (no gloves)
MR       .....                  (no boots)
Stlth    ++........             (no amulet)
HPRegen  0.06/turn              i - ring of ice
MPRegen  0.10/turn              t - ring of resist corrosion

@: no status effects
A: negative energy resistance 1, electricity resistance, unbreathing,
petrification resistance, rot immunity, AC +3
a: no special abilities


You were on level 2 of the Dungeon.
You were not hungry.

You visited 1 branch of the dungeon, and saw 2 of its levels.

You collected 52 gold pieces.

Inventory:

Hand Weapons
 k - a +0 dagger
 m - a +0 flail (weapon)
 n - a +0 war axe
 p - a +0 club
 q - a +0 dagger
 s - a +0 mace
Missiles
 b - 11 stones (quivered)
Armour
 c - a +0 robe (worn)
 r - a +0 helmet (worn)
Jewellery
 i - a ring of ice (left hand)
 t - a ring of resist corrosion (right hand)
Scrolls
 a - a scroll of remove curse {unknown}
 j - a scroll of identify {unknown}
 o - a scroll of blinking {unknown}
 u - a scroll of teleportation {unknown}
Potions
 g - a potion of ambrosia {unknown}
 h - a potion of berserk rage {unknown}
 l - a potion of agility {unknown}
 v - a potion of flight {unknown}
Books
 e - a book of Geomancy

   Spells                             Type                      Level
   a - Sandblast                      Earth                        1
   b - Passwall                       Transmutation/Earth          2
   c - Stone Arrow                    Conjuration/Earth            3
   d - Petrify                        Transmutation/Earth          4
   e - Lee's Rapid Deconstruction     Earth                        5
Comestibles
 d - 3 rations
 f - a chunk of flesh


   Skills:
 + Level 1.6 Dodging
 + Level 2.3 Stealth
 + Level 2.6 Spellcasting
   Level 0.7 Transmutations
 + Level 4.5 Earth Magic


You had 3 spell levels left.
You knew the following spells:

 Your Spells              Type           Power        Failure   Level  Hunger
a - Sandblast             Erth           ###...       3%          1    #......
b - Stone Arrow           Conj/Erth      #.....       22%         3    ###....


Dungeon Overview and Level Annotations

Branches:
Dungeon (2/15)

Altars:


Innate Abilities, Weirdness & Mutations

You are resistant to torment.
Your stone body is resilient. (AC +3)
You are immune to poison.
You resist negative energy. (rN+)
You are resistant to electric shocks. (rElec)
You can survive without breathing.
You are immune to petrification.
You are immune to rotting.


Message History

The orc priest is heavily wounded.
b - 12 stones The orc priest invokes the aid of Beogh against you.
Beogh smites you!
Ouch! That really hurt!
* * * LOW HITPOINT WARNING * * *
Okay, then.
Casting: Sandblast
Confirm with . or Enter, or press ? or * to list all spells.
Aiming: Sandblast
Press: ? - help, Shift-Dir - straight line, f/p - orc priest
Aim: an orc priest, wielding a war axe and wearing a leather armour (heavily wounded)
The blast of sand hits the orc priest.
The orc priest is severely wounded.
b - 11 stones The orc wizard gestures at you while chanting.
The magic dart hits you!
* * * LOW HITPOINT WARNING * * *
The orc priest hits you with a war axe.
You die...

##### #@o.#
#...oo....#
#..?........#
#...........#
#...........#
##.........##
##.......##
###..####


You could see an orc priest, an orc wizard and an orc.

Vanquished Creatures
  2 dart slugs (D:1)
  2 orcs (D:1)
  6 bats (D:1)
  2 giant cockroaches (D:1)
  A goblin (D:1)
  A hobgoblin (D:1)
  6 kobolds (D:1)
  2 frilled lizards (D:1)
  5 rats (D:1)
27 creatures vanquished.

Notes
Turn   | Place    | Note
-------+----------+-------------------------------------------
     0 | D:1      | Supreme the Gargoyle Earth Elementalist began the quest for the Orb.
     0 | D:1      | Reached XP level 1. HP: 10/10 MP: 3/3
   142 | D:1      | Reached skill level 4 in Earth Magic
   175 | D:1      | Reached XP level 2. HP: 7/15 MP: 1/5
   497 | D:1      | Reached XP level 3. HP: 6/19 MP: 4/6
   572 | D:1      | Learned a level 3 spell: Stone Arrow
   835 | D:2      | Slain by an orc priest

Skill      XL: |  1 |
---------------+----+-----
Earth Magic    | 4 |  4.5
Dodging        | |  1.6
Stealth        | |  2.3
Spellcasting   | |  2.6
Transmutations | |  0.7

Action                   || total
-------------------------++-------
Melee: Dagger            ||    13
       Flail             ||    17
 Cast: Sandblast         ||    35
 Stab: Sleeping          ||     2
       Distracted        ||     1
Armor: Robe              ||    23
Dodge: Dodged            ||    35
